 Dungeon Crawl Stone Soup version 0.30.0 (webtiles) character file.

Game seed: 12995199960065318553

108 brinewave the Chopper (level 4, 0/41 HPs)
             Began as a Minotaur Monk on May 18, 2023.
             Killed by nerve-wracking pain
             ... invoked by Grinder
              (12 damage)
             ... on level 3 of the Dungeon.
             The game lasted 00:05:30 (1463 turns).

brinewave the Chopper (Minotaur Monk)               Turns: 1463, Time: 00:05:30

Health: 0/41       AC:  8    Str: 18    XL:     4   Next: 58%
Magic:  3/3        EV:  9    Int:  7    God:
Gold:   37         SH:  0    Dex: 12    Spells: 3/3 levels left

rFire   . . .        a - +0 war axe
rCold   . . .        (no shield)
rNeg    . . .        i - +0 chain mail
rPois   .            (helmet restricted)
rElec   .            b - scarf {+Inv}
rCorr   .            (no gloves)
SInv    .            (no boots)
Will    .....        (no amulet) Stlth
                     (no ring)
HPRegen 0.26/turn    (no ring)
MPRegen 0.08/turn

%: no passive effects
@: no status effects
A: horns 2, retaliatory headbutt
a: Evoke Invisibility


You were on level 3 of the Dungeon.
You visited 1 branch of the dungeon, and saw 3 of its levels.

You collected 103 gold pieces.
You spent 66 gold pieces at shops.

Inventory:

Hand Weapons
 a - a +0 war axe (weapon)
Missiles
 f - 22 stones (quivered)
 g - 4 atropa-tipped darts
 o - a throwing net
Armour
 b - a scarf of invisibility (worn)
 i - a +0 chain mail (worn)
Scrolls
 e - 4 scrolls of teleportation
 h - a scroll of silence {unknown}
 l - a scroll of blinking {unknown}
 p - a scroll of poison {unknown}
Potions
 c - a potion of ambrosia
 d - a potion of might {unknown}
 j - 2 potions of heal wounds
 k - a potion of haste {unknown}
 m - a potion of mutation {unknown}
 n - a potion of magic {unknown}
 q - a potion of flight {unknown}


   Skills:
 + Level 4.3 Fighting
 * Level 5.0 Axes
 + Level 2.1 Armour
 + Level 3.9 Dodging


You had 3 spell levels left.
You didn't know any spells.
Your spell library was empty.

Dungeon Overview and Level Annotations

Branches:
Dungeon (3/15)

Altars:

Shops:
D:2 ?

Annotations:
D:3 Grinder


Innate Abilities, Weirdness & Mutations

You have a pair of horns on your head.
You reflexively headbutt those who attack you in melee.


Message History

You closely miss the bat. The bat barely misses you.
The bat hits you but does no damage. The goblin barely misses you.
You furiously retaliate!
You headbutt the goblin!
You kill the goblin!
You slash the bat!
You kill the bat!
You see here a bat corpse.
You see here a +0 dagger.
Found a stone staircase leading up.
Found a mace.
Found a quarterstaff.
Grinder comes into view.
Grinder shouts!
Grinder moves out of view.
Grinder blinks!
Grinder hits you but does no damage.
You hit Grinder.
Grinder is lightly wounded.
Grinder hits you!
You writhe in agony.
Grinder hits you but does no damage.
You barely miss Grinder. Grinder gestures at you.
You resist with significant effort.
You hit Grinder but do no damage. Grinder gestures at you.
Pain shoots through your body!
You hit Grinder.
Grinder is lightly wounded.
Grinder hits you. Grinder gestures at you. Pain shoots through your body!
* * * LOW HITPOINT WARNING * * *
You barely miss Grinder.
Grinder is lightly wounded.
Grinder gestures at you.
You barely resist. You barely miss Grinder.
Grinder is lightly wounded.
Grinder gestures at you. Pain shoots through your body!
You die...

#.#
#............
#.#
#............
..#
#............
#.#
#......#####.
#.# #....### #.
#.# #....# #.
#####.####....#
#.
#?.......#..).#
#.
#.)..@##......#
#.
#....5###.....#
. #.....#
###..## #.....#
##... #......
####.. ###....
.. #.... .
######


You could see Grinder.

Vanquished Creatures
  A jelly (D:2)
  A gnoll (D:1)
  2 adders
  A worm (D:3)
  2 dart slugs
  3 ball pythons
  7 bats
  6 endoplasms
  3 giant cockroaches
  5 goblins
  3 hobgoblins
  6 frilled lizards
  A kobold (D:3)
  A rat (D:1)
42 creatures vanquished.

Notes
Turn   | Place    | Note
-------+----------+-------------------------------------------
     0 | D:1      | brinewave the Minotaur Monk began the quest for the Orb.
     0 | D:1      | Reached XP level 1. HP: 19/19 MP: 0/0
   208 | D:1      | Reached XP level 2. HP: 27/27 MP: 1/1
   219 | D:1      | Reached skill level 4 in Axes
   271 | D:1      | Reached skill level 1 in Armour
   536 | D:1      | Reached XP level 3. HP: 33/33 MP: 2/2
   871 | D:2      | Found Seti's Magic Scroll Shoppe.
   881 | D:2      | Bought a scroll of identify for 22 gold pieces
   881 | D:2      | Bought a scroll of identify for 22 gold pieces
   881 | D:2      | Bought a scroll of identify for 22 gold pieces
  1034 | D:2      | Reached XP level 4. HP: 38/40 MP: 3/3
  1241 | D:3      | Found a faded altar of an unknown god.
  1329 | D:3      | Reached skill level 5 in Axes
  1455 | D:3      | Noticed Grinder
  1463 | D:3      | Killed from afar by Grinder

Illustrated notes

Levels and vault maps discovered:
D:1:      saegor_arrival_under_anarchy, layout_basic
D:2:      layout_basic, serial_shops, shop
D:3:      layout_basic, chequers_ecumenical_altar_simple_redux,
          kennysheep_donut, kennysheep_generic_room_11, uniq_terence,
          uniq_grinder

Skill      XL: |  1  2  3  4 |
---------------+-------------+-----
Axes           | 4 5 |  5.0
Armour         | 1 2 |  2.1
Fighting       | 4 |  4.3
Dodging        | |  3.9

Action                     |  1- 3 |  4- 6 || total
---------------------------+-------+-------++-------
  Melee: Hand axe          |    14 |       ||    14
         War axe           |    51 |    26 ||    77
         Headbutt          |     9 |       ||     9
         Punch             |     1 |       ||     1
    Use: Scroll            |     3 |       ||     3
 Armour: Robe              |     8 |       ||     8
         Chain mail        |     8 |    20 ||    28
  Dodge: Dodged            |    35 |    13 ||    48
